 Dungeon Crawl Stone Soup version 0.27.1-33-g824d729ab1 (webtiles) character file.

Game seed: 8465733937886293557

628 djsenpai the Cudgeller (level 7, 0/44 HPs)
             Began as a Gargoyle Berserker on Dec 12, 2021.
             Was a Believer of Trog.
             Slain by an adder (2 damage)
             ... on level 4 of the Dungeon.
             The game lasted 00:08:24 (4229 turns).

djsenpai the Cudgeller (Gargoyle Berserker)         Turns: 4229, Time: 00:08:25

Health: 0/44       AC:  3    Str: 22    XL:     7   Next: 48%
Magic:  7/7        EV: 11    Int:  8    God:    Trog [**....]
Gold:   186        SH:  0    Dex:  9    Spells: 6/6 levels left

rFire    . . .     SeeInvis .   a - +0 mace
rCold    . . .     Faith    .   (no shield)
rNeg     + . .     Spirit   .   l - +0 ring mail
rPois    ∞         Reflect  .   (no helmet)
rElec    +         Harm     .   (no cloak)
rCorr    .         Rampage  .   k - +0 pair of gloves
Will     +++..                  (no boots)
Stlth    +.........             m - amulet of magic regeneration
HPRegen  1.14/turn              i - ring of willpower
MPRegen  0.35/turn              (no ring)

@: strong-willed (expiring), corroded, on berserk cooldown, regenerating
(expiring), slowed, very slow
A: sickness immunity, AC +4, negative energy resistance 1, electricity
resistance, torment resistance 1, petrification resistance
a: Renounce Religion, Berserk, Trog's Hand


You were on level 4 of the Dungeon.
You worshipped Trog.
Trog was pleased with you.
You visited 1 branch of the dungeon, and saw 4 of its levels.

You collected 186 gold pieces.

Inventory:

Hand Weapons
 a - a +0 mace (weapon)
Armour
 k - a +0 pair of gloves (worn)
 l - a +0 ring mail (worn)
Jewellery
 i - a ring of willpower (left hand)
 m - an amulet of magic regeneration (around neck)
Scrolls
 d - a scroll of vulnerability {unknown}
 f - a scroll of fog {unknown}
 h - a scroll of fear {unknown}
 p - 3 scrolls of identify {unknown}
 q - a scroll of summoning {unknown}
 s - a scroll of amnesia {unknown}
 t - 3 scrolls of teleportation {unknown}
Potions
 b - 2 potions of cancellation {unknown}
 c - a potion of curing {unknown}
 e - a potion of haste {unknown}
 g - 2 potions of lignification {unknown}
 j - a potion of brilliance {unknown}
 n - a potion of might {unknown}
 o - a potion of degeneration {unknown}
 r - a potion of attraction {unknown}


   Skills:
 + Level 4.9 Fighting
 + Level 5.8 Maces & Flails
 + Level 3.8 Armour
 + Level 3.2 Dodging
 + Level 2.0 Stealth


You had 6 spell levels left.
You didn't know any spells.
Your spell library was empty.

Dungeon Overview and Level Annotations

Branches:
Dungeon (4/15)
 Temple: D:4-7

Altars:
Ashenzari

Shops:
D:2 [


Innate Abilities, Weirdness & Mutations

You are immune to sickness and miasma.
Your stone body is resilient. (AC +4)
You are immune to poison.
You resist negative energy. (rN+)
You are resistant to electric shocks. (rElec)
You are resistant to unholy torment.
You are immune to petrification.


Message History

You are no longer berserk.
You are exhausted.
You feel yourself slow down. The water moccasin skeleton bites you.
The adder closely misses you.
You hit the water moccasin skeleton.
The water moccasin skeleton is heavily damaged.
The water moccasin skeleton bites you but does no damage.
The adder misses you. The water moccasin skeleton bites you.
The adder bites you.
You hit the water moccasin skeleton but do no damage.
The water moccasin skeleton is heavily damaged.
The water moccasin skeleton barely misses you.
The adder bites you. The water moccasin skeleton misses you.
The adder closely misses you.
You barely miss the water moccasin skeleton.
The water moccasin skeleton is heavily damaged.
The water moccasin skeleton bites you but does no damage.
The adder bites you but does no damage. The water moccasin skeleton bites you.
* * * LOW HITPOINT WARNING * * *
The adder bites you.
* * * LOW HITPOINT WARNING * * *
The adder bites you.
* * * LOW HITPOINT WARNING * * *
The water moccasin skeleton closely misses you.
Your skin crawls.
You feel strong-willed. The adder misses you.
The water moccasin skeleton bites you.
* * * LOW HITPOINT WARNING * * *
The adder bites you but does no damage. The water moccasin skeleton bites you.
* * * LOW HITPOINT WARNING * * *
The adder bites you but does no damage. The water moccasin skeleton bites you.
* * * LOW HITPOINT WARNING * * *
The adder bites you but does no damage.
You feel the effects of Trog's Hand fading.
The water moccasin skeleton closely misses you.
The adder barely misses you.
Found a scroll labelled PEZXYCW KEMPI.
The water moccasin skeleton bites you.
* * * LOW HITPOINT WARNING * * *
The adder bites you.
You die...

........##.##.####..
#.........##.#.$)..
#............).....
#.(.)...#..#.......
#......)...........
###..................
#..........!..÷......
#?##....Z...............
#......@S...............
###...##................
#.....................
##.............##.....
####........####...
########## #... #...
#... #...


You could see an adder and a water moccasin skeleton.

Vanquished Creatures
  Grinder (D:3)
  2 phantoms
  A hound (D:4)
  A bullfrog skeleton (D:4)
  A jelly (D:4)
  Natasha (twice) (D:3)
  A hound skeleton (D:4)
  4 adders
  An adder skeleton (D:4)
  3 worms
  2 dart slugs
  3 orcs (D:4)
  11 bats
  4 endoplasms
  A giant cockroach (D:3)
  8 goblins
  3 hobgoblins
  4 jackals (D:1)
  11 kobolds
  2 quokkas
  9 ball pythons
  2 frilled lizards (D:2)
  6 rats
83 creatures vanquished.

Notes
Turn   | Place    | Note
-------+----------+-------------------------------------------
     0 | D:1      | djsenpai the Gargoyle Berserker began the quest for the
                  | Orb.
     0 | D:1      | Reached XP level 1. HP: 14/14 MP: 1/1
    34 | D:1      | Reached XP level 2. HP: 4/19 MP: 2/2
   800 | D:1      | Reached XP level 3. HP: 24/24 MP: 3/3
   966 | D:1      | Found a faded altar of an unknown god.
  1271 | D:2      | Found Jorhid's Armour Shoppe.
  1501 | D:2      | Reached ** piety under Trog
  1698 | D:2      | Reached XP level 4. HP: 20/29 MP: 4/4
  2193 | D:3      | Noticed a phantom
  2205 | D:2      | Killed a phantom
  2206 | D:2      | Reached skill level 4 in Maces & Flails
  2206 | D:2      | Reached skill level 1 in Stealth
  2206 | D:2      | Reached XP level 5. HP: 24/33 MP: 5/5
  2501 | D:3      | Noticed Grinder
  2527 | D:3      | Paralysed by Grinder for 3 turns
  2540 | D:3      | Killed Grinder
  2541 | D:3      | Reached skill level 5 in Maces & Flails
  2541 | D:3      | Reached XP level 6. HP: 10/39 MP: 6/6
  3113 | D:3      | Noticed Natasha
  3122 | D:3      | Killed Natasha
  3434 | D:3      | Noticed Natasha
  3441 | D:3      | Killed Natasha
  3558 | D:3      | Found a broken altar of Ashenzari.
  3687 | D:4      | Reached XP level 7. HP: 42/44 MP: 7/7
  3913 | D:4      | Reached *** piety under Trog
  4225 | D:4      | HP: 1/44 [water moccasin skeleton (5)]
  4229 | D:4      | Slain by an adder

Illustrated notes

Levels and vault maps discovered:
D:1:      ncdulo_watergridlock, layout_basic,
          hellmonk_ecumenical_altar_heavens_door
D:2:      layout_basic, serial_shops, shop, minmay_quantized
D:3:      layout_rooms, lemuel_round_altar, uniq_natasha, uniq_grinder
D:4:      layout_rooms, mainiacjoe_overflow_concentric_impassable

Skill      XL: |  1  2  3  4  5  6  7 |
---------------+----------------------+-----
Dodging        | 2 3 |  3.2
Fighting       | 4 |  4.9
Maces & Flails | 4 5 |  5.8
Stealth        | 1 2 |  2.0
Armour         | 3 |  3.8

Action                   |  1- 3 |  4- 6 |  7- 9 || total
-------------------------+-------+-------+-------++-------
Melee: Mace              |   128 |    82 |    59 ||   269
Invok: Berserk           |     2 |     4 |     3 ||     9
       Trog's Hand       |       |       |     1 ||     1
Armor: Animal skin       |    60 |       |       ||    60
       Ring mail         |     7 |    65 |    33 ||   105
Dodge: Dodged            |    91 |    68 |    43 ||   202
